 Dungeon Crawl Stone Soup version 0.26.1-2-gb8aa6d0cf2 (webtiles) character file.

Game seed: 8912178971122940322

84 Gadfly the Charlatan (level 4, -2/41 HPs)
             Began as a Troll Artificer on Feb 24, 2021.
             Slain by Sigmund
             ... wielding a +0 scythe
              (10 damage)
             ... on level 3 of the Dungeon.
             The game lasted 00:01:59 (2142 turns).

Gadfly the Charlatan (Troll Artificer)              Turns: 2142, Time: 00:02:00

Health: -2/41      AC:  6    Str: 21    XL:     4   Next: 23%
Magic:  3/3        EV: 10    Int:  7    God:
Gold:   108        SH:  0    Dex: 10    Spells: 3/3 levels left

rFire    . . .     SeeInvis .   a - +1 mace
rCold    . . .     Faith    .   (no shield)
rNeg     . . .     Spirit   .   b - +0 robe
rPois    .         Reflect  .   (helmet restricted)
rElec    .         Harm     .   (no cloak)
rCorr    .         Rampage  .   (gloves unavailable)
Will     .....                  (boots unavailable)
Stlth    +.........             (no amulet)
HPRegen  0.53/turn              (no ring)
MPRegen  0.08/turn              (no ring)

@: no status effects
A: large, unfitting armour, claws 3, regeneration 1, shaggy fur 1, tough skin 3
a: no special abilities


You were on level 3 of the Dungeon.
You visited 1 branch of the dungeon, and saw 3 of its levels.

You collected 108 gold pieces.

Inventory:

Hand Weapons
 a - a +1 mace (weapon)
Armour
 b - a +0 robe (worn)
Wands
 c - a wand of flame (15) (quivered)
 d - a wand of enslavement (15)
 e - a wand of random effects (15)
Scrolls
 f - a scroll of enchant weapon
Potions
 g - 2 potions of curing
 h - a potion of flight {unknown}
 i - a potion of attraction
 j - a potion of lignification
 k - a potion of degeneration {unknown}
 o - a potion of berserk rage


   Skills:
 + Level 1.5 Fighting
 * Level 2.1 Maces & Flails
 * Level 1.9 Armour
 - Level 1.9 Dodging
 - Level 0.3 Stealth
 - Level 2.1 Evocations


You had 3 spell levels left.
You didn't know any spells.
Your spell library was empty.

Dungeon Overview and Level Annotations

Branches:
Dungeon (3/15)

Altars:
Cheibriados

Annotations:
D:3 Sigmund


Innate Abilities, Weirdness & Mutations

You are too large for most types of armour.
You have claws for hands.
Your natural rate of healing is unusually fast.
You are covered in fur. (AC +1)
You have extremely tough skin. (AC +3)


Message History

You hit Sigmund.
Sigmund is severely wounded.
Sigmund barely misses you.
You closely miss Sigmund.
Sigmund is severely wounded.
Sigmund gestures at himself while chanting.
Sigmund flickers and vanishes!
Deactivating autopickup; reactivate with Ctrl-A.
You barely miss something. Something hits you.
You closely miss something. Something hits you.
You closely miss something. Something hits you but does no damage.
You closely miss something. You hit something but do no damage.
Something hits you!
* * * LOW HITPOINT WARNING * * *
You hit something. Something hits you.
* * * LOW HITPOINT WARNING * * *
Okay, then.
You hit something. Something hits you but does no damage.
You miss something. Something hits you!
You die...

.......# .. .......#
#......#
.......#####......#
..................#
........[.........#
.........<........#
.####.............#
....(.............########
.....#'#'###...{@.......>.
####.#.#.#########.######
.......#.........#.#
####...#.........#.#
###.#.........#.#
.............#.#
....##........#.#
(...##........')# ...
#........###


There were no monsters in sight!

Vanquished Creatures
  2 adders (D:2)
  5 dart slugs
  3 leopard geckos
  4 giant cockroaches
  6 goblins
  8 hobgoblins
  4 jackals (D:2)
  4 kobolds
  A quokka (D:2)
  5 bats
  2 frilled lizards (D:1)
  4 rats
48 creatures vanquished.

Notes
Turn   | Place    | Note
-------+----------+-------------------------------------------
     0 | D:1      | Gadfly the Troll Artificer began the quest for the Orb.
     0 | D:1      | Reached XP level 1. HP: 18/18 MP: 0/0
   131 | D:1      | Reached skill level 1 in Fighting
   167 | D:1      | Reached XP level 2. HP: 25/27 MP: 1/1
   173 | D:1      | Reached skill level 1 in Maces & Flails
   330 | D:1      | Reached skill level 1 in Armour
   692 | D:1      | Reached XP level 3. HP: 33/33 MP: 2/2
  1120 | D:2      | Found a snail-covered altar of Cheibriados.
  1481 | D:2      | Reached XP level 4. HP: 41/41 MP: 3/3
  1648 | D:2      | Found a faded altar of an unknown god.
  2118 | D:3      | Noticed Sigmund
  2142 | D:3      | Slain by Sigmund

Illustrated notes

Levels and vault maps discovered:
D:1:      dpeg_arrival_short_road, layout_basic
D:2:      layout_loops_ring, old_standard_altar,
          chequers_ecumenical_altar_grove, st_stairs_10
D:3:      kennysheep_the_goblin_king, layout_basic, tso_altar, uniq_sigmund

Skill      XL: |  1  2  3 |
---------------+----------+-----
Fighting       | 1 |  1.5
Maces & Flails | 1 2 |  2.1
Armour         | 1 |  1.9
Dodging        | |  1.9
Stealth        | |  0.3
Evocations     | |  2.1

Action                   |  1- 3 |  4- 6 || total
-------------------------+-------+-------++-------
Melee: Club              |    46 |       ||    46
       Mace              |    97 |    43 ||   140
  Use: Scroll            |     3 |     5 ||     8
 Stab: Sleeping          |     2 |     1 ||     3
Armor: Robe              |    87 |    11 ||    98
Dodge: Dodged            |   107 |    23 ||   130
